AoeStats
← GDL Checock10

Glade

510602820Analyzed
1v1 RM · 22h ago on Oct 1, 2026· 49m 12s· 2 players
Game mode
Random Map
Map size
Tiny (2 player)
Population
200
Speed
Normal
Resources
Standard
Victory
Conquest
Starting age
Dark Age
Ending age
Imperial Age
RankedLock teamsTeams togetherTeam positionsShared explorationLock speedFull tech treeHidden civsTurbo modeCheats
Victory
Defeat
🇲🇽 Wu · Mexico
1752
+17
🇺🇸 Wei · United States
1764
-17
GDL Checock10
3:05 Loom
11:00 Feudal Age
15:18 Castle Age
13:50 Double-Bit Axe
14:48 Fletching
16:35 Horse Collar
19:20 Bodkin Arrow
22:10 Bow Saw
22:39 Town Watch
23:30 Heavy Plow
25:10 Padded Archer Armor
25:22 Squires
25:24 Scale Mail Armor
27:56 Chain Mail Armor
27:52 Forging
34:23 Ballistics
45:04 Imperial Age
44:20 Wheelbarrow
48:31 Bloodlines
47:41 Light Cavalry
48:59 Iron Casting
48:54 Plate Mail Armor
48:30 Scale Barding Armor
49:27 Husbandry
49:59 Hand Cart
Fs.BO do Segas
6:27 Loom
8:41 Feudal Age
9:19 Double-Bit Axe
9:25 Gold Mining
9:22 Horse Collar
10:51 Stone Mining
17:00 Castle Age
21:07 Imperial Age
19:19 Bow Saw
20:24 Gold Shaft Mining
28:20 Ballistics
32:34 Chemistry
35:49 Heavy Scorpion
Connection lost

Rejoining the realm…

Still unreachable

The connection could not be restored.

Session expired

The server has moved on; the page needs a fresh start.